 Dungeon Crawl Stone Soup version 0.29.1-2-gbd0b4ee654 (webtiles) character file.

Game seed: 17943907550529143164

53985 DemonSlayer the Thaumaturge (level 14, -6/98 HPs)
             Began as a Demonspawn Earth Elementalist on Nov 30, 2022.
             Was a High Priest of Cheibriados.
             Shot with an arrow by a deep elf archer (9 damage)
             ... on level 14 of the Dungeon.
             The game lasted 01:25:51 (26016 turns).

DemonSlayer the Thaumaturge (DsEE)                 Turns: 26016, Time: 01:25:51

Health: -6/98      AC: 32    Str: 31    XL:     14   Next: 32%
Magic:  46/46      EV: 15    Int: 41    God:    Cheibriados [*****.]
Gold:   898        SH: 13    Dex: 29    Spells: 4/34 levels left

rFire   + . .      SeeInvis +   I - +9 double sword of Jali Ofe {vorpal, rC+++ rCorr Stlth-}
rCold   + + +      Faith    .   e - +1 buckler {rPois}
rNeg    + . .      Spirit   .   J - +8 orange crystal plate armour {Archmagi, Int+3 Clar}
rPois   +          Reflect  +   (helmet unavailable)
rElec   .          Harm     .   b - +2 ratskin cloak {*Rats rPois rN+ Str-1 Int-1 Dex+1}
rCorr   +          Rampage  .   j - +1 pair of gloves
Will    +....      Archmagi +   (no boots)
Stlth   .......... Clarity  +   k - amulet "Wisuwnemn" {Reflect MP+9 Str+2 Int+6 SH+5}
HPRegen 0.26/turn               n - ring "Yrghyb" {rF+ Str+5 Int+6 Dex-2 SInv}
MPRegen 0.30/turn               w - ring "Zuvah" {MP+9 Dex+5}

@: agile, about to teleport, slowed, very slow
A: antennae 3, powered by pain 2, sturdy frame 1, demonic magic 2
a: Renounce Religion, Bend Time, Temporal Distortion, Slouch, Step From Time


You were on level 14 of the Dungeon.
You worshipped Cheibriados.
Cheibriados was extremely pleased with you.
You visited 2 branches of the dungeon, and saw 15 of its levels.
You also visited: Bailey and Gauntlet.

You collected 2215 gold pieces.
You spent 1317 gold pieces at shops.

Inventory:

Hand Weapons
 A - the +3 dagger of the Valley {flame, *Slow rElec Int+8}
   (You found it on level 7 of the Dungeon)

   It burns those it strikes, dealing additional fire damage.
   Int:       It affects your intelligence (+8).
   rElec:     It insulates you from electricity.
   *Slow:     It may slow you when you take damage.
 I - the +9 double sword of Jali Ofe (weapon) {vorpal, rC+++ rCorr Stlth-}
   (You took it off an orc wizard on level 9 of the Dungeon)

   It inflicts extra damage upon your enemies.
   rC:        It renders you almost immune to cold.
   rCorr:     It protects you from acid and corrosion.
   Stlth:     It makes you less stealthy.
Missiles
 c - 8 curare-tipped darts
 h - 4 throwing nets
Armour
 b - the +2 ratskin cloak (worn) {*Rats rPois rN+ Str-1 Int-1 Dex+1}
   (You found it on level 9 of the Dungeon)

   When the wearer is hurt, rats may emerge from it to assist them.
   Str:       It affects your strength (-1).
   Int:       It affects your intelligence (-1).
   Dex:       It affects your dexterity (+1).
   rPois:     It protects you from poison.
   rN:        It protects you from negative energy.
 e - a +1 buckler of poison resistance (worn)
 j - a +1 pair of gloves (worn)
 p - the +1 robe of Vines {NoPotionHeal Regen++++}
   (You bought it in a shop on level 11 of the Dungeon)

   Its wearer cannot be healed by potions.
   Regen:     It increases your rate of health regeneration.
 J - the +8 orange crystal plate armour (worn) {Archmagi, Int+3 Clar}
   (You took it off a minotaur in a Gauntlet)

   Int:       It affects your intelligence (+3).
   Clar:      It protects you against confusion.
Jewellery
 k - the amulet "Wisuwnemn" (around neck) {Reflect MP+9 Str+2 Int+6 SH+5}
   (You found it in a Gauntlet)

   [amulet of reflection]

   It reflects blocked missile attacks.
   Str:       It affects your strength (+2).
   Int:       It affects your intelligence (+6).
   MP:        It affects your magic capacity (+9).
   SH:        It affects your SH (+5).
 n - the ring "Yrghyb" (left hand) {rF+ Str+5 Int+6 Dex-2 SInv}
   (You found it in a Gauntlet)

   [ring of intelligence]

   Str:       It affects your strength (+5).
   Int:       It affects your intelligence (+6).
   Dex:       It affects your dexterity (-2).
   rF:        It protects you from fire.
   SInv:      It lets you see invisible.
 w - the ring "Zuvah" (right hand) {MP+9 Dex+5}
   (You acquired it on level 12 of the Dungeon)

   [ring of magical power]

   Dex:       It affects your dexterity (+5).
   MP:        It affects your magic capacity (+9).
Wands
 l - a wand of flame (19)
 o - a wand of roots (12)
 q - a wand of quicksilver (29)
 y - a wand of digging (8)
 F - a wand of mindburst (41)
 M - a wand of paralysis (20)
Scrolls
 d - a scroll of enchant armour {unknown}
 f - 2 scrolls of silence
 g - 14 scrolls of teleportation
 i - a scroll of torment {unknown}
 r - 2 scrolls of fog
 D - 5 scrolls of immolation
 G - 3 scrolls of vulnerability
 K - a scroll of amnesia {unknown}
Potions
 a - 10 potions of mutation
 s - 6 potions of lignification
 t - a potion of invisibility
 v - 12 potions of ambrosia
 z - a potion of flight
 C - a potion of attraction
 L - 6 potions of curing
Miscellaneous
 O - a lightning rod (4/4)


   Skills:
 + Level 5.2 Fighting
 + Level 3.5(6.3) Short Blades
 + Level 8.1(8.5) Long Blades
 + Level 1.2 Throwing
 + Level 7.5 Armour
 + Level 5.0 Dodging
 + Level 10.7 Stealth
 + Level 5.4 Shields
 + Level 10.8 Spellcasting
 + Level 6.4 Conjurations
 + Level 0.5 Summonings
 + Level 1.1 Transmutations
 + Level 10.3 Earth Magic
 + Level 0.3 Poison Magic
 + Level 2.1 Evocations


You had 4 spell levels left.
You knew the following spells:

 Your Spells              Type           Power      Damage    Failure   Level
a - Sandblast             Erth           100%       2d20      1%          1
b - Stone Arrow           Conj/Erth      100%       3d13      3%          3
c - Summon Guardian Gole  Hex/Summ       36%        N/A       65%         3
d - Mephitic Cloud        Conj/Pois/Air  57%        N/A       36%         3
e - Ignite Poison         Fire/Tmut/Pois 39%        N/A       61%         3
f - Cause Fear            Hex            16%        N/A       97%         4
g - Freezing Cloud        Conj/Ice/Air   28%        6-21      98%         5
h - Lehudib's Crystal Sp  Conj/Erth      47%        10d11     100%        8

Your spell library contained the following spells:

 Spells                   Type           Power      Damage    Failure   Level
 Magic Dart               Conj           100%       1d8       2%          1
 Passwall                 Tmut/Erth      67%        N/A       4%          2
 Beastly Appendage        Tmut           94%        N/A       21%         1
 Wereblood                Tmut           47%        N/A       30%         2
 Petrify                  Tmut/Erth      81%        N/A       30%         4
 Call Imp                 Summ           39%        N/A       36%         2
 Poisonous Vapours        Pois/Air       70%        N/A       41%         2
 Ensorcelled Hibernation  Hex/Ice        66%        N/A       43%         2
 Spider Form              Tmut/Pois      41%        N/A       58%         3
 Inner Flame              Hex/Fire       33%        N/A       67%         3
 Summon Lightning Spire   Summ/Air       36%        N/A       96%         4
 Airstrike                Air            16%        2d(3-19)  97%         4
 Anguish                  Hex/Necr       16%        N/A       97%         4
 Animate Dead             Necr           33%        N/A       97%         4
 Corpse Rot               Necr/Pois/Air  34%        N/A       97%         4
 Passage of Golubria      Tloc           33%        N/A       97%         4
 Borgnjor's Vile Clutch   Necr/Erth      38%        N/A       71%         5
 Lightning Bolt           Conj/Air       32%        1d50      93%         5
 Silence                  Hex/Air        16%        N/A       100%        5
 Death Channel            Necr           16%        N/A       100%        6
 Enfeeble                 Hex            16%        N/A       100%        7
 Orb of Destruction       Conj           42%        9d12      100%        7
 Spellforged Servitor     Conj/Summ      33%        N/A       100%        7
 Discord                  Hex            16%        N/A       100%        8


Dungeon Overview and Level Annotations

Branches:
Dungeon (14/15)            Temple (1/1) D:5            Lair (0/5) D:11
    Orc (0/2) D:11         Vaults (0/5) D:13         Bailey (visited)
Gauntlet (visited)

Altars:
Ashenzari
Cheibriados
Dithmenos
Fedhas
Gozag
Hepliaklqana
Kikubaaqudgha
Makhleb
Nemelex Xobeh
Okawaru
Qazlal
Ru
Sif Muna
Trog
Uskayaw
Vehumet
Wu Jian
Xom
Yredelemnul

Shops:
D:2 !   D:4 (:(   D:5 *   D:11 (*[*[


Innate Abilities, Weirdness & Mutations

You have a pair of large antennae on your head. (SInv)
You sometimes gain power by taking damage.
Your movements are slightly less encumbered by armour. (ER -2)
Spells you cast may paralyse nearby enemies.


Message History

The deep elf archer shoots an arrow.
The arrow hits you!!
* * * LOW HITPOINT WARNING * * *
The eight-headed hydra bites you.
* * * LOW HITPOINT WARNING * * *
You block the eight-headed hydra's attack.
The eight-headed hydra bites you!
* * * LOW HITPOINT WARNING * * *
You focus on the pain.
You feel agile all of a sudden.
The eight-headed hydra bites you but does no damage.
You block the eight-headed hydra's attack.
The eight-headed hydra misses you.
The eight-headed hydra bites you but does no damage. x2
Unknown command.
Unknown command.
Unknown command.
Blink to where?
Press: ? - help, Dir - move target, p - eight-headed hydra
As you read the scroll of blinking, it crumbles to dust.
The deep elf archer shoots an arrow.
The arrow hits you.
* * * LOW HITPOINT WARNING * * *
The deep elf archer points at you and mumbles some strange words.
You resist with some effort.
The deep elf archer shoots an arrow.
You reflect the arrow off an invisible shield around you!
The arrow completely misses the deep elf archer.
The deep elf archer shoots an arrow.
The arrow closely misses you.
The deep elf archer shoots an arrow.
The arrow hits you but does no damage.
You feel much better.
The deep elf archer shoots an arrow.
The arrow hits you!!
* * * LOW HITPOINT WARNING * * *
The deep elf archer shoots an arrow.
The arrow hits you.
* * * LOW HITPOINT WARNING * * *
The deep elf archer shoots an arrow.
The arrow hits you.
* * * LOW HITPOINT WARNING * * *
Okay, then.
As you read the scroll of fog, it crumbles to dust.
The scroll dissolves into smoke.
As you read the scroll of teleportation, it crumbles to dust.
You feel strangely unstable.
The deep elf archer shoots an arrow.
The arrow hits you!
You die...

#..##.#..##.##..####.##..######'#
#..........#.#.#.........##......
#..#######.#.#.#.###+###..'......
#..#P..$P#....#..# #..#......
#..#.###.#.##....# #.##......
#..#.+)#.D.#####.# #.##......
#..#.###.#.#.#.§§# #.##......
#..#P...P#..##.#§# #.########
#..#######.#.###@#######.# #
#...........D{e§§§§......# #
#...#############§§....### #
##..##################)## ##
##.....................# ###.
#########.............# ##...
#.............#####(...
#.............'......##
#.............######.#


You could see a deep elf archer (repels missiles).

Vanquished Creatures
  Rupert (D:14)
  Kirke (D:14)
  A minotaur (Gauntlet)
  Harold (D:9)
  3 boulder beetles
  An ogre mage (D:13)
  A catoblepas (D:14)
  4 centaur warriors (D:13)
  9 two-headed ogres
  A tengu warrior (Gauntlet)
  Sonja (D:13)
  8 hell knights (D:12)
  Lodul (D:13)
  A wizard (D:9)
  An orc knight (Bailey)
  2 necromancers (D:12)
  A deep elf zephyrmancer (D:9)
  3 ugly things (D:12)
  4 deep elf pyromancers
  3 orc sorcerers
  4 manticores
  5 cyclopes
  A gargoyle (D:12)
  An unseen horror (D:11)
  2 kobold demonologists
  A minotaur zombie (Gauntlet)
  Maggie (D:6)
  6 tengu conjurers
  A queen bee (D:12)
  3 meliai (D:12)
  6 trolls
  9 slime creatures
  3 shadows
  7 wyverns
  6 wraiths
  6 steam dragons
  23 yaks
  4 hogs (D:14)
  6 vampire mosquitoes
  A basilisk (D:13)
  7 hell hounds (D:12)
  A swamp worm (Gauntlet)
  4 acid dragons
  7 water moccasins
  A sky beast (D:6)
  13 orc warriors
  2 ice beasts (D:5)
  10 ogres
  A black bear (D:5)
  7 centaurs
  A phantom (D:7)
  4 kobold brigands
  4 bullfrogs
  24 wights
  28 killer bees
  2 vampire bats (D:4)
  5 howler monkeys
  3 electric eels (Bailey)
  5 jellies
  A hound (D:5)
  Crazy Yiuf (D:6)
  A gnoll bouda (D:6)
  3 orc priests
  5 iguanas
  Natasha (thrice) (D:2)
  14 orc wizards
  14 gnolls
  4 adders
  2 shadow imps
  2 ufetubi
  2 worms
  4 dart slugs
  33 orcs
  4 bats
  5 bat skeletons (D:4)
  2 bat zombies (D:4)
  8 endoplasms
  4 giant cockroaches
  11 goblins
  10 hobgoblins
  4 jackals (D:3)
  14 kobolds
  3 quokkas
  5 ball pythons
  3 frilled lizards
  7 rats
442 creatures vanquished.

Vanquished Creatures (collateral kills)
  An ugly thing (D:12)
1 creature vanquished.

Vanquished Creatures (others)
  A human (D:14)
  A kobold (D:9)
  3 bushes (D:11)
  4 fungi (Gauntlet)
  34 plants
43 creatures vanquished.

Grand Total: 486 creatures vanquished

Notes
Turn   | Place    | Note
-------+----------+-------------------------------------------
     0 | D:1      | DemonSlayer the Demonspawn Earth Elementalist began the
                  | quest for the Orb.
     0 | D:1      | Reached XP level 1. HP: 13/13 MP: 3/3
   238 | D:1      | Reached skill level 1 in Transmutations
   260 | D:1      | Gained mutation: Spells you cast may paralyse adjacent
                  | enemies. [demonic ancestry]
   260 | D:1      | Reached XP level 2. HP: 19/19 MP: 3/5
  1060 | D:2      | Noticed Natasha
  1065 | D:2      | Killed Natasha
  1066 | D:2      | Gained mutation: You have a pair of small antennae on your
                  | head. [demonic ancestry]
  1066 | D:2      | Reached XP level 3. HP: 15/24 MP: 0/7
  1175 | D:2      | Found Cufem's Distillery.
  1186 | D:2      | Bought a potion of curing for 33 gold pieces
  1373 | D:2      | Gained mutation: You sometimes gain a little power by
                  | taking damage. [demonic ancestry]
  1373 | D:2      | Reached XP level 4. HP: 30/30 MP: 4/8
  1493 | D:2      | Identified the +3 scale mail of Peek-a-Boo {Str+2}
  1511 | D:2      | Learned a level 3 spell: Stone Arrow
  1515 | D:2      | Learned a level 3 spell: Summon Guardian Golem
  1601 | D:2      | Noticed Natasha
  1603 | D:2      | Killed Natasha
  1778 | D:2      | Noticed Natasha
  1784 | D:2      | Killed Natasha
  1916 | D:2      | Found a faded altar of an unknown god.
  2335 | D:3      | Reached XP level 5. HP: 35/35 MP: 6/10
  3145 | D:4      | Found Qeigiffe's Book Emporium.
  3276 | D:4      | Noticed a water moccasin
  3280 | D:4      | Killed a water moccasin
  3281 | D:4      | Reached XP level 6. HP: 41/41 MP: 6/12
  3381 | D:4      | Found Qeigalen's Weapon Emporium.
  3570 | D:4      | Found an ancient bone altar of Kikubaaqudgha.
  3606 | D:4      | Reached skill level 1 in Armour
  3808 | D:4      | Found Joamaf's Weapon Emporium.
  3825 | D:4      | Found Zuuffef's Distillery.
  4005 | D:4      | Found a sacrificial altar of Ru.
  4019 | D:4      | Found an ornate altar of the Wu Jian Council.
  4393 | D:5      | Entered Level 5 of the Dungeon
  4468 | D:5      | Reached XP level 7. HP: 36/46 MP: 2/14
  4665 | D:5      | Reached skill level 5 in Spellcasting
  4665 | D:5      | Reached skill level 5 in Earth Magic
  5075 | D:5      | Found Cust's Assorted Antiques.
  5079 | D:5      | Bought a scroll labelled JONUEBOIGA for 32 gold pieces
  5177 | D:5      | Found a staircase to the Ecumenical Temple.
  5530 | D:6      | Gained mutation: Spells you cast may paralyse nearby
                  | enemies. [demonic ancestry]
  5530 | D:6      | Reached XP level 8. HP: 45/53 MP: 13/16
  5630 | D:6      | Reached skill level 1 in Fighting
  6196 | D:6      | Found a faded altar of an unknown god.
  6209 | D:6      | Identified the +8 war axe of Vase {flame, rC+ Str-2 SInv}
  6544 | D:6      | Noticed Maggie
  6557 | D:6      | Killed Maggie
  6558 | D:6      | Reached skill level 5 in Stealth
  6558 | D:6      | Gained mutation: Your movements are slightly less
                  | encumbered by armour. (ER -2) [demonic ancestry]
  6558 | D:6      | Reached XP level 9. HP: 33/59 MP: 17/19
  7525 | D:6      | Found a runed translucent door.
  7526 | D:6      | Noticed Crazy Yiuf
  7618 | D:6      | Found a stormy altar of Qazlal.
  7697 | D:6      | Found a hazy altar of Hepliaklqana.
  7812 | D:6      | Killed Crazy Yiuf
  7867 | Temple   | Entered the Ecumenical Temple
  8171 | D:7      | Found a flagged portal.
  8190 | Bailey   | Entered a bailey
  8394 | Bailey   | Noticed an orc sorcerer
  8404 | Bailey   | Reached skill level 1 in Short Blades
  8404 | Bailey   | Paralysed by an orc sorcerer for 2 turns
  8408 | Bailey   | Killed an orc sorcerer
  8942 | Bailey   | Reached skill level 1 in Evocations
  9014 | Bailey   | Noticed an orc knight
  9021 | Bailey   | Killed an orc knight
  9022 | Bailey   | Reached XP level 10. HP: 67/67 MP: 17/21
  9125 | Bailey   | Found an iron altar of Okawaru.
  9309 | Bailey   | Identified the +5 quarterstaff "Zuymefe" {speed, rElec
                  | Str+4}
  9466 | Bailey   | Acquired the +2 hat "Isevaikk" {Slay+4}
  9473 | Bailey   | Acquired 502 gold pieces
  9475 | Bailey   | Acquired a +4 quick blade
  9523 | D:7      | Found a blossoming altar of Fedhas.
  9586 | D:7      | Identified the +3 dagger of the Valley {flame, *Slow rElec
                  | Int+8}
 10092 | D:7      | Found a sparkling altar of Nemelex Xobeh.
 10210 | D:7      | Found a bloodstained altar of Trog.
 10280 | D:7      | Reached skill level 1 in Conjurations
 11254 | D:8      | Reached skill level 5 in Armour
 11617 | D:8      | Found a transporter.
 11619 | D:8      | Found a transporter.
 11620 | D:8      | Noticed a boulder beetle
 11658 | D:8      | Killed a boulder beetle
 12271 | D:9      | Identified the +4 robe "Giyr" {rCorr}
 12313 | D:9      | Noticed a two-headed ogre
 12319 | D:9      | Gained mutation: You have a pair of antennae on your head.
                  | [demonic ancestry]
 12319 | D:9      | Reached XP level 11. HP: 60/73 MP: 20/23
 12321 | D:9      | Killed a two-headed ogre
 12473 | D:9      | Noticed a deep elf zephyrmancer
 12474 | D:9      | Noticed an orc sorcerer
 12487 | D:9      | Killed a deep elf zephyrmancer
 12490 | D:9      | Noticed an orc sorcerer
 12495 | D:9      | Killed an orc sorcerer
 12499 | D:9      | Killed an orc sorcerer
 12703 | D:9      | Identified the amulet "Baguikk" {Acrobat -Cast Harm Stlth+}
 12898 | D:9      | Noticed a two-headed ogre
 12904 | D:9      | Noticed a two-headed ogre
 13345 | D:9      | Noticed Harold
 13360 | D:9      | Killed Harold
 13622 | D:9      | Found a snail-covered altar of Cheibriados.
 13629 | D:9      | Became a worshipper of Cheibriados the Contemplative
 13964 | D:9      | Noticed a two-headed ogre
 13970 | D:9      | Killed a two-headed ogre
 14486 | D:9      | Identified the +9 double sword of Jali Ofe {vorpal, rC+++
                  | rCorr Stlth-}
 14486 | D:9      | Identified the ring "Niaroymm" {Wiz rF- rC+ SInv}
 14496 | D:9      | Killed a two-headed ogre
 14498 | D:9      | Killed a two-headed ogre
 14499 | D:9      | Gained mutation: You have a pair of large antennae on your
                  | head. (SInv) [demonic ancestry]
 14499 | D:9      | Reached XP level 12. HP: 67/80 MP: 18/25
 14721 | D:9      | Noticed a two-headed ogre
 14722 | D:9      | Reached skill level 10 in Stealth
 14726 | D:9      | Killed a two-headed ogre
 14946 | D:9      | Found the +2 ratskin cloak {*Rats rPois rN+ Str-1 Int-1
                  | Dex+1}
 15633 | D:10     | Entered Level 10 of the Dungeon
 15633 | D:10     | Found an opulent altar of Gozag.
 15678 | D:10     | Reached skill level 5 in Conjurations
 15960 | D:10     | Found a radiant altar of Vehumet.
 16368 | D:10     | Learned a level 3 spell: Mephitic Cloud
 16372 | D:10     | Learned a level 3 spell: Ignite Poison
 16398 | D:11     | Found Qinuq's Armour Boutique.
 16428 | D:11     | Found Dofos's Armour Shop.
 16451 | D:11     | Found Qades's Assorted Antiques.
 16453 | D:11     | Noticed a boulder beetle
 16461 | D:11     | Found a staircase to the Lair.
 16468 | D:11     | Found a gate leading to a gauntlet.
 16473 | Gauntlet | Entered a Gauntlet
 16473 | Gauntlet | Noticed a tengu warrior
 16473 | Gauntlet | Found a transporter.
 16473 | Gauntlet | Found a transporter.
 16501 | Gauntlet | Found a transporter.
 16504 | Gauntlet | Found a transporter.
 16504 | Gauntlet | Found a transporter.
 16506 | Gauntlet | Found a transporter.
 16514 | Gauntlet | Found a transporter.
 16518 | Gauntlet | Found a transporter.
 16528 | Gauntlet | Found a transporter.
 16528 | Gauntlet | Found the amulet of Vitality {RegenMP++ Regen++}
 16533 | Gauntlet | Found a transporter.
 16552 | Gauntlet | Found a transporter.
 16556 | Gauntlet | Found a transporter.
 16644 | Gauntlet | Noticed a boulder beetle
 16652 | Gauntlet | Noticed a five-headed hydra
 16652 | Gauntlet | a tyrant leech changed into a five-headed hydra
 16657 | Gauntlet | Noticed a ghost moth
 16657 | Gauntlet | a five-headed hydra changed into a ghost moth
 16712 | Gauntlet | Killed a tengu warrior
 16716 | Gauntlet | Reached skill level 10 in Spellcasting
 16735 | Gauntlet | Identified the amulet "Wisuwnemn" {Reflect MP+9 Str+2 Int+6
                  | SH+5}
 16836 | Gauntlet | Noticed a ghost moth
 16836 | Gauntlet | Noticed a fire giant
 16845 | Gauntlet | Identified the ring "Yrghyb" {rF+ Str+5 Int+6 Dex-2 SInv}
 16856 | Gauntlet | Found the dreamshard necklace {*Dream Drain}
 16858 | Gauntlet | Noticed a minotaur
 16868 | Gauntlet | Killed a minotaur
 17683 | D:11     | Killed a boulder beetle
 17684 | D:11     | Reached skill level 1 in Shields
 17689 | D:11     | Reached skill level 1 in Long Blades
 17695 | D:11     | Reached * piety under Cheibriados
 17800 | D:11     | Found a staircase to the Orcish Mines.
 18446 | D:11     | Noticed a two-headed ogre
 18453 | D:11     | Killed a two-headed ogre
 18530 | D:11     | Bought a potion of curing for 66 gold pieces
 18530 | D:11     | Bought a scroll of teleportation for 66 gold pieces
 18852 | D:11     | Found Ontuuz's General Store.
 18861 | D:11     | Bought the +1 robe of Vines {NoPotionHeal Regen++++} for
                  | 1120 gold pieces
 18861 | D:11     | Found the +1 robe of Vines {NoPotionHeal Regen++++}
 18926 | D:11     | Found Papaj's Weapon Emporium.
 19217 | D:11     | Learned a level 4 spell: Cause Fear
 19223 | D:11     | Learned a level 5 spell: Freezing Cloud
 19232 | D:11     | Learned a level 8 spell: Lehudib's Crystal Spear
 19371 | D:12     | Reached ** piety under Cheibriados
 19429 | D:12     | Gained mutation: You sometimes gain power by taking damage.
                  | [demonic ancestry]
 19429 | D:12     | Reached XP level 13. HP: 85/87 MP: 27/27
 20178 | D:12     | Reached *** piety under Cheibriados
 20799 | D:12     | Reached skill level 5 in Long Blades
 20930 | D:12     | Acquired the ring "Zuvah" {MP+9 Dex+5}
 22585 | D:12     | Reached skill level 10 in Earth Magic
 23182 | D:12     | Reached **** piety under Cheibriados
 23341 | D:13     | Noticed Sonja
 23353 | D:13     | Killed Sonja
 23486 | D:13     | Reached skill level 1 in Throwing
 23691 | D:13     | Found a gate to the Vaults.
 24050 | D:13     | Noticed Lodul
 24058 | D:13     | Killed Lodul
 24215 | D:13     | Reached XP level 14. HP: 55/96 MP: 28/28
 24518 | D:13     | Reached skill level 5 in Shields
 24518 | D:13     | Reached ***** piety under Cheibriados
 24901 | D:14     | Noticed Kirke
 25177 | D:14     | Reached skill level 5 in Fighting
 25184 | D:14     | Killed Kirke
 25202 | D:14     | Reached skill level 5 in Dodging
 25373 | D:14     | Noticed Rupert
 25389 | D:14     | Killed Rupert
 26014 | D:14     | HP: 2/98 [deep elf archer/arrow (3)]
 26016 | D:14     | Shot with an arrow by a deep elf archer

Illustrated notes

Levels and vault maps discovered:
D:1:      spicycebolla_arrival_clurvy, layout_basic
D:2:      layout_loops_ring, shapermc_ecumenical_altar_flowoftime, serial_shops,
          shop, minmay_unequal, uniq_natasha
D:3:      layout_loops_ring
D:4:      layout_loops_ring, kennysheep_vampire_church,
          nicolae_overflow_crystal_walls, mainiacjoe_overflow_swirl,
          serial_shops, shop, shop, nicolae_shop_hallway_stairs,
          nicolae_inconvenience_store
D:5:      black_bear_nest_1, layout_rooms, minmay_temple_entry_from_below_a,
          serial_shops, shop
D:6:      layout_cave_pools, grunt_temple_overflow_open, serial_column_ruins,
          column_ruins_temple_circle, column_ruins_square_medium,
          column_ruins_corridor_straight, column_ruins_grid_4,
          column_ruins_columns_dead_end, column_ruins_grid_1,
          column_ruins_grid_1, uniq_crazy_yiuf_cottage, uniq_maggie
D:7:      layout_basic, mainiacjoe_overflow_tiny_flanked,
          mainiacjoe_overflow_paths, nemelex_xobeh_ov_fountains_minmay,
          enter_bailey_5, chequers_serial_rivers_room_a,
          hangedman_minor_gate_pass
D:8:      gammafunk_boulding_lane, layout_basic
D:9:      minmay_the_grid_3x3 [minmay_the_grid_large_cup,
          minmay_the_grid_tri_star, minmay_the_grid_spikes,
          minmay_the_grid_square_x, minmay_the_grid_slots,
          minmay_the_grid_minigrid_medium, minmay_the_grid_tiny_cups,
          minmay_the_grid_dragon_a,
          minmay_the_grid_prize_four_corners_diamond_a], layout_gridville,
          overflow_temple_1_default, kennysheep_generic_room_7, uniq_harold
D:10:     layout_long_grid, nicolae_vehumet_radiance, general_overflow_altar
D:11:     layout_loops_cross, minmay_lair_entry_grove, orc_0_dummy,
          gauntlet_entry_generic, serial_shops, shop_fountains,
          nicolae_stop_n_shop_2, nicolae_shop_hallway_stairs, shop, shop
D:12:     layout_roguey, special_room [special_room_bee], minmay_rotating_lava
D:13:     layout_cave_pods, david_vaults_2, uniq_sonja, uniq_lodul
D:14:     layout_roguey, hangedman_decor_cross_pass, minmay_shattered_shrine,
          uniq_rupert, uniq_kirke
Temple:   jpeg_temple_alley_garden

Skill      XL: |  1  2  3  4  5  6  7  8  9 10 11 12 13 14 |
---------------+-------------------------------------------+-----
Transmutations | 1 |  1.1
Earth Magic    | 3 4 5 6 7 8 9 10 | 10.3
Stealth        | 2 3 5 6 8 9 10 | 10.7
Dodging        | 2 3 4 5 |  5.0
Spellcasting   | 3 4 5 6 7 8 9 10 | 10.8
Armour         | 1 3 4 5 6 7 |  7.5
Fighting       | 1 2 4 5 |  5.2
Short Blades   | 1 2 3 |  3.5
Evocations     | 1 2 |  2.1
Conjurations   | 2 4 5 6 |  6.4
Shields        | 2 4 5 |  5.4
Long Blades    | 4 7 8 |  8.1
Throwing       | 1 |  1.2
Summonings     | |  0.5
Poison Magic   | |  0.3

Action                   |  1- 3 |  4- 6 |  7- 9 | 10-12 | 13-15 || total
-------------------------+-------+-------+-------+-------+-------++-------
Melee: Mace              |     3 |       |       |       |       ||     3
       Dagger            |     9 |    20 |    67 |   104 |    19 ||   219
       Quick blade       |       |       |       |    90 |       ||    90
       Double sword      |       |       |       |   104 |   268 ||   372
       Unarmed           |       |       |       |       |     2 ||     2
Throw: Dart              |       |       |     2 |     1 |     6 ||     9
       Throwing net      |       |       |     1 |       |     5 ||     6
 Cast: Sandblast         |    31 |    90 |   129 |    54 |       ||   304
       Stone Arrow       |       |       |     3 |   168 |   105 ||   276
       Mephitic Cloud    |       |       |       |     2 |       ||     2
       Ignite Poison     |       |       |       |     1 |       ||     1
       Summon Guardian G |       |       |       |     1 |       ||     1
Evoke: Wand              |       |       |    14 |       |     6 ||    20
       Lightning rod     |       |       |       |     3 |       ||     3
  Use: Potion            |       |       |     3 |    15 |     3 ||    21
       Scroll            |       |       |     5 |    19 |     9 ||    33
 Stab: Sleeping          |     3 |     1 |       |    14 |       ||    18
       Paralysed         |       |    13 |    48 |    72 |    10 ||   143
Armor: Robe              |     1 |       |       |    20 |    12 ||    33
       Scale mail        |       |    48 |    57 |    55 |       ||   160
       Troll leather arm |       |       |       |    23 |       ||    23
       Crystal plate arm |       |       |       |    81 |   242 ||   323
Dodge: Dodged            |    14 |    47 |    94 |   218 |   213 ||   586
Block: Buckler           |       |       |       |    86 |   302 ||   388
       Reflection        |       |       |       |     1 |    19 ||    20
